 Dungeon Crawl Stone Soup version 0.18.1-5-g4a78601 (webtiles) character file.

22 HungrySpirit the Ducker (level 3, -1/21 HPs)
             Began as a Halfling Wizard on May 11, 2016.
             Slain by an adder (2 damage)
             ... on level 2 of the Dungeon.
             The game lasted 00:05:34 (1641 turns).

HungrySpirit the Ducker (Halfling Wizard)           Turns: 1641, Time: 00:05:34

Health: -1/21      AC:  3    Str:  7    XL:     3   Next: 7%
Magic:  0/6        EV: 15    Int: 17    God:
Gold:   39         SH:  0    Dex: 13    Spells: 1 memorised, 5 levels left

rFire  . . .     SeeInvis .     f - -2 club (curse)
rCold  . . .     Gourm    .     a - +0 robe
rNeg   . . .     Faith    .     (shield restricted)
rPois  .         Spirit   .     b - +0 hat
rElec  .         Dismiss  .     g - +0 cloak
rCorr  .         Reflect  .     (no gloves)
SustAt .         Harm     .     (no boots)
MR     .....                    (no amulet)
Stlth  ++........               (no ring)
                                (no ring)

@: lethally poisoned (-1 -> -12), very slightly contaminated, not resistant to
hostile enchantments, unstealthy
A: mutation resistance 1
a: no special abilities


You were on level 2 of the Dungeon.
You were hungry.

You visited 1 branch of the dungeon, and saw 2 of its levels.

You collected 39 gold pieces.

Inventory:

Hand Weapons
 e - a +0 short sword
 f - a cursed -2 club (weapon)
 i - a +0 dagger
Armour
 a - a +0 robe (worn)
 b - a +0 hat (worn)
 g - a +0 cloak (worn)
Books
 c - a book of Minor Magic

   Spells                             Type                      Level
   a - Magic Dart                     Conjuration                  1
   b - Blink                          Translocation                2
   c - Call Imp                       Summoning                    2
   d - Repel Missiles                 Charms/Air                   2
   e - Slow                           Hexes                        2
   f - Conjure Flame                  Conjuration/Fire             3
   g - Mephitic Cloud                 Conjuration/Poison/Air       3
Comestibles
 d - 2 bread rations
 h - a meat ration


   Skills:
 * Level 3.2 Dodging
 + Level 2.7 Stealth
 - Level 2.4 Spellcasting
 - Level 0.7 Conjurations
   Level 0.8 Summonings
   Level 1.1 Translocations


You had 5 spell levels left.
You knew the following spells:

 Your Spells              Type           Power        Failure   Level  Hunger
a - Magic Dart            Conj           #...         17%         1    #......


Dungeon Overview and Level Annotations

Branches:
Dungeon (2/15)

Altars:

Annotations:
D:2 Terence


Innate Abilities, Weirdness & Mutations

You are small and have problems with some larger weapons.
You are somewhat resistant to further mutation.


Message History

Aiming: Magic Dart
Press: ? - help, Shift-Dir - straight line, f/p - adder
Aim: an adder (heavily wounded)
The magic dart hits the adder.
The adder is heavily wounded.
* * * LOW HITPOINT WARNING * * *
You feel sick. The adder bites you.
* * * LOW HITPOINT WARNING * * *
You are more poisoned.
The adder poisons you! The adder misses you.
You closely miss the adder.
The adder is heavily wounded.
* * * LOW HITPOINT WARNING * * *
You feel sick. The adder closely misses you.
Unknown command.
You barely miss the adder.
The adder is heavily wounded.
* * * LOW HITPOINT WARNING * * *
You feel sick. The adder closely misses you. The adder bites you.
You die...

#......###.##.....#
#...)..'...##...(.#
#......######.....#
#......# #)########
#......# #.###
#......# #.#..
#..(...# #.#.#####
#......###.#.....#
###(...@SKr#.....###
########....#.....
#..(.....#
#.#..<...#
###........
........# #.#.....#
......... #.#.#.###


You could see an adder, a kobold and a rat.

Vanquished Creatures
  An ooze (D:2)
  A dart slug (D:1)
  A giant gecko (D:1)
  4 hobgoblins (D:1)
  A kobold (D:1)
  2 bats (D:1)
  3 giant newts (D:1)
  2 rats (D:1)
15 creatures vanquished.

Notes
Turn   | Place    | Note
--------------------------------------------------------------
     0 | D:1      | HungrySpirit the Halfling Wizard began the quest for the Orb.
     0 | D:1      | Reached XP level 1. HP: 11/11 MP: 3/3
   333 | D:1      | Reached XP level 2. HP: 13/17 MP: 5/5
  1032 | D:1      | Reached skill level 3 in Dodging
  1434 | D:2      | Reached XP level 3. HP: 19/21 MP: 0/6
  1543 | D:2      | Noticed Terence
  1640 | D:2      | HP: 1/21 [poisoned by an adder]
  1641 | D:2      | Slain by an adder

Skill      XL: |  1  2 |
---------------+-------+-----
Dodging        | 3 |  3.2
Stealth        | |  2.7
Spellcasting   | |  2.4
Conjurations   | |  0.7
Summonings     | |  0.8
Translocations | |  1.1

Action                   || total
-------------------------++-------
Melee: Club              ||    56
       Unarmed           ||     1
 Cast: Magic Dart        ||    49
  Use: Scroll            ||     3
 Stab: Sleeping          ||     1
  Eat: Chunk             ||     2
Armor: Robe              ||    12
Dodge: Dodged            ||    72
